 Dungeon Crawl Stone Soup version 0.24.0-13-gcf9b3192b9 (webtiles) character file.

Game seed: 16536707833258951425, levelgen mode: deterministic

10667 Arum the Blocker (level 11, -8/95 HPs)
             Began as a Formicid Fighter on Nov 9, 2019.
             Was a High Priest of Okawaru.
             Mangled by Urug
             ... wielding a +5 scimitar
              (30 damage)
             ... on level 10 of the Dungeon.
             The game lasted 00:13:11 (9282 turns).

Arum the Blocker (Formicid Fighter)                 Turns: 9282, Time: 00:13:12

Health: -8/95      AC: 11    Str: 22      XL:     11   Next: 97%
Magic:  11/11      EV:  9    Int:  8      God:    Okawaru [*****.]
Gold:   477        SH: 13    Dex: 15 (16) Spells: 10/10 levels left

rFire    . . .     SeeInvis +   z - +1 quarterstaff of Conformity {venom, Dex+4 Stlth+}
rCold    . . .     Gourm    .   c - +0 shield
rNeg     . . .     Faith    .   b - +0 scale mail
rPois    .         Spirit   .   (helmet unavailable)
rElec    .         Reflect  .   t - +1 cloak
rCorr    .         Harm     .   v - +0 pair of gloves
MR       +....                  o - +0 pair of boots
Stlth    +.........             (no amulet)
HPRegen  0.25/turn              (no ring)
MPRegen  0.12/turn              (no ring)

@: no status effects
A: permanent stasis, dig shafts and tunnels, four strong arms, antennae 3
a: Dig, Shaft Self, Heroism, Finesse, Renounce Religion


You were on level 10 of the Dungeon.
You worshipped Okawaru.
Okawaru was extremely pleased with you.
You were very hungry.

You visited 2 branches of the dungeon, and saw 11 of its levels.
You also visited: Bailey.

You collected 597 gold pieces.
You spent 120 gold pieces at shops.

Inventory:

Hand Weapons
 a - a +0 quarterstaff
 s - a +3 quarterstaff of chaos
 z - the +1 quarterstaff of Conformity (weapon) {venom, Dex+4 Stlth+}
   (Okawaru gifted it to you on level 9 of the Dungeon)

   It poisons the flesh of those it strikes.
   It affects your dexterity (+4).
   It makes you more stealthy.
Armour
 b - a +0 scale mail (worn)
 c - a +0 shield (worn)
 o - a +0 pair of boots (worn)
 t - a +1 cloak (worn)
 v - a +0 pair of gloves (worn)
Wands
 l - a wand of scattershot (5)
 n - a wand of polymorph (7)
 q - a wand of flame (19)
 r - a wand of paralysis (7)
 u - a wand of acid (4)
 C - a wand of iceblast (6)
 G - a wand of random effects (22)
Scrolls
 g - a scroll of identify
 h - 3 scrolls of enchant weapon
 k - 3 scrolls of enchant armour
 m - 2 scrolls of remove curse
 y - 2 scrolls of magic mapping
 A - 3 scrolls of immolation
 F - a scroll of noise
Potions
 d - 2 potions of might
 e - 3 potions of curing
 i - 3 potions of heal wounds
 j - 2 potions of mutation
 p - 3 potions of agility
 w - 2 potions of brilliance
 x - 4 potions of lignification
 B - a potion of flight
 E - 2 potions of cancellation {unknown}
Comestibles
 f - 19 rations


   Skills:
 + Level 11.7 Fighting
 + Level 10.6 Staves
 - Level 3.2 Armour
 + Level 12.6 Shields


You had 10 spell levels left.
You didn't know any spells.
Your spell library contained the following spells:

 Spells                   Type           Power        Failure   Level  Hunger
 Sublimation of Blood     Necr           #.........   86%         2    ###....
 Static Discharge         Conj/Air       #.......     98%         3    ####...
 Vampiric Draining        Necr           #.........   98%         3    ####...
 Airstrike                Air            #.........   100%        4    #####..
 Dispel Undead            Necr           #.......     100%        5    ######.
 Lightning Bolt           Conj/Air       #.........   100%        5    ######.
 Ignition                 Fire           #.........   100%        8    #######
 Shatter                  Erth           #.........   100%        9    #######
 Tornado                  Air            #.........   100%        9    #######


Dungeon Overview and Level Annotations

Branches:
Dungeon (10/15)            Temple (1/1) D:7            Lair (0/6) D:8
 Bailey (visited)
    Orc: D:9-12

Altars:
Ashenzari
Cheibriados
Dithmenos
Elyvilon
Fedhas
Gozag
Hepliaklqana
Kikubaaqudgha
Makhleb
Nemelex Xobeh
Okawaru
Qazlal
Ru
Sif Muna
Trog
Uskayaw
Vehumet
Wu Jian
Xom
Yredelemnul
Zin
The Shining One

Shops:
D:8 *   D:10 *

Annotations:
D:10 Urug


Innate Abilities, Weirdness & Mutations

You cannot be hasted, slowed, berserked, paralysed or teleported.
You can dig through walls and to a lower floor.
Your four strong arms can wield two-handed weapons with a shield.
You have a pair of large antennae on your head. (SInv)


Message History

You barely miss Urug.
Urug is almost dead.
The orc yells loudly, as Orcs often do.
You block the orc's attack. Urug hits you with a +5 scimitar!
You are too injured to fight recklessly!
You are too injured to fight recklessly!
You are too injured to fight recklessly!
You are too injured to fight recklessly!
You closely miss Urug.
Urug is almost dead.
The orc hits you but does no damage.
You barely miss Urug.
Urug is almost dead.
Urug hits you with a +5 scimitar!
* * * LOW HITPOINT WARNING * * *
Unknown command.
You hit Urug but do no damage.
Urug looks as sick as possible!
Urug is almost dead.
The orc hits you but does no damage. Urug hits you with a +5 scimitar!!
You die...

...# ..## .(.## ## #
....#####
...##.#.......#
>...#...§....
#..oo.....#
###@≈.∩.≈..
######..........
#..........#...#
##.##..............#
.......((......#.###
.......(.........#
.....#############
##.## ..


You could see Urug and an orc.

Vanquished Creatures
  A two-headed ogre (D:9)
  A deep elf knight (Bailey)
  8 deep elf magi (Bailey)
  A centaur zombie (D:9)
  An elephant (D:8)
  A troll (D:9)
  A troll (shapeshifter) (D:9)
  A hippogriff (D:9)
  A vampire (D:5)
  A wyvern (D:8)
  A basilisk (D:8)
  A hungry ghost (D:8)
  Edmund (D:4)
  2 orc warriors
  A sky beast (D:7)
  A black bear (D:8)
  A phantom (D:5)
  An eye of draining (D:9)
  3 necrophages (D:5)
  2 ogres
  5 centaurs
  A crocodile (D:8)
  2 big kobolds
  4 bullfrogs
  4 scorpions
  5 killer bees (D:8)
  A howler monkey (D:6)
  5 wights (D:9)
  3 crimson imps
  A quasit (D:10)
  Crazy Yiuf (D:3)
  6 hounds
  2 jellies (D:9)
  A centaur skeleton (D:7)
  2 orc priests
  8 orc wizards
  Jessica (D:3)
  Terence (D:2)
  2 worker ants
  A killer bee zombie (D:8)
  5 worker ant zombies
  4 gnolls (D:3)
  14 adders
  A shadow imp (D:6)
  3 oozes
  3 adder skeletons (D:5)
  A worm (D:2)
  A dart slug (D:1)
  6 leopard geckos
  34 orcs
  5 bats
  2 giant cockroaches
  2 gnoll zombies (D:9)
  15 goblins
  4 hobgoblins
  2 jackals (D:6)
  11 kobolds
  A quokka (D:7)
  9 ball pythons (D:3)
  A leopard gecko skeleton (D:6)
  3 rats
214 creatures vanquished.

Vanquished Creatures (others)
  A deep elf mage (Bailey)
  A hippogriff (D:8)
2 creatures vanquished.

Grand Total: 216 creatures vanquished

Notes
Turn   | Place    | Note
-------+----------+-------------------------------------------
     0 | D:1      | Arum the Formicid Fighter began the quest for the Orb.
     0 | D:1      | Reached XP level 1. HP: 18/18 MP: 1/1
   333 | D:1      | Reached XP level 2. HP: 24/24 MP: 2/2
   398 | D:1      | Reached skill level 4 in Shields
   665 | D:1      | Reached XP level 3. HP: 30/30 MP: 3/3
  1193 | D:2      | Reached XP level 4. HP: 23/37 MP: 4/4
  1562 | D:2      | Noticed Terence
  1578 | D:2      | Killed Terence
  1621 | D:2      | Reached XP level 5. HP: 29/43 MP: 5/5
  2283 | D:3      | Found an ornate altar of the Wu Jian Council.
  2283 | D:3      | Found a hide-covered altar of Uskayaw.
  2305 | D:3      | Reached skill level 5 in Shields
  2443 | D:3      | Reached XP level 6. HP: 8/49 MP: 6/6
  2729 | D:3      | Found a runed translucent door.
  2730 | D:3      | Noticed Crazy Yiuf
  2738 | D:3      | Killed Crazy Yiuf
  2962 | D:3      | You fall into a shaft and drop 2 floors!
  2962 | D:5      | Entered Level 5 of the Dungeon
  3001 | D:5      | Noticed a vampire
  3029 | D:5      | Killed a vampire
  3029 | D:5      | Reached skill level 5 in Fighting
  3029 | D:5      | Reached XP level 7. HP: 39/56 MP: 7/7
  3064 | D:5      | Found a bloodstained altar of Trog.
  3176 | D:5      | Reached skill level 6 in Shields
  3301 | D:5      | Reached skill level 5 in Staves
  3301 | D:5      | Reached XP level 8. HP: 51/61 MP: 8/8
  3405 | D:5      | Reached skill level 7 in Shields
  3557 | D:4      | Noticed Edmund
  3566 | D:4      | Killed Edmund
  3922 | D:3      | Noticed Jessica
  3929 | D:3      | Killed Jessica
  4505 | D:6      | Reached skill level 8 in Shields
  4673 | D:6      | Reached XP level 9. HP: 69/69 MP: 9/9
  4830 | D:6      | Found a blossoming altar of Fedhas.
  5203 | D:7      | Found a staircase to the Ecumenical Temple.
  5212 | Temple   | Entered the Ecumenical Temple
  5255 | Temple   | Became a worshipper of Warmaster Okawaru
  5362 | D:7      | Found a flagged portal.
  5384 | Bailey   | Entered a bailey
  5392 | Bailey   | Noticed a deep elf mage
  5410 | Bailey   | Killed a deep elf mage
  5410 | Bailey   | Reached skill level 9 in Shields
  5420 | Bailey   | Noticed a deep elf mage
  5427 | Bailey   | Killed a deep elf mage
  5427 | Bailey   | Reached * piety under Okawaru
  5428 | Bailey   | Noticed a deep elf mage
  5431 | Bailey   | Noticed a deep elf mage
  5432 | Bailey   | Noticed a deep elf mage
  5438 | Bailey   | Noticed a deep elf mage
  5445 | Bailey   | Killed a deep elf mage
  5445 | Bailey   | Reached ** piety under Okawaru
  5445 | Bailey   | Reached XP level 10. HP: 70/80 MP: 10/10
  5454 | Bailey   | Killed a deep elf mage
  5454 | Bailey   | Reached skill level 10 in Shields
  5456 | Bailey   | Noticed a deep elf mage
  5467 | Bailey   | Killed a deep elf mage
  5468 | Bailey   | Killed a deep elf mage
  5479 | Bailey   | Killed a deep elf mage
  5479 | Bailey   | Reached skill level 10 in Fighting
  5699 | Bailey   | Noticed a deep elf knight
  5714 | Bailey   | Killed a deep elf knight
  5714 | Bailey   | Reached skill level 11 in Shields
  5862 | Bailey   | Identified the Tome of Aerial Necromancy
  5892 | Bailey   | Noticed a deep elf mage
  5892 | Bailey   | Noticed a deep elf mage
  5901 | Bailey   | Killed a deep elf mage
  5901 | Bailey   | Reached *** piety under Okawaru
  5901 | Bailey   | Reached XP level 11. HP: 68/92 MP: 8/11
  6066 | Bailey   | Killed a deep elf mage
  6964 | D:8      | Reached **** piety under Okawaru
  6979 | D:8      | Found a staircase to the Lair.
  6979 | D:8      | Noticed an elephant
  6991 | D:8      | Killed an elephant
  6996 | D:8      | Reached skill level 10 in Staves
  6996 | D:8      | Reached skill level 12 in Shields
  7280 | D:8      | Found a burning altar of Makhleb.
  7280 | D:8      | Found a snail-covered altar of Cheibriados.
  7280 | D:8      | Found a shimmering blue altar of Sif Muna.
  7280 | D:8      | Found a glowing golden altar of the Shining One.
  7295 | D:8      | Found a hazy altar of Hepliaklqana.
  7295 | D:8      | Found a sacrificial altar of Ru.
  7754 | D:8      | Found Mamesaul's Assorted Antiques.
  7762 | D:8      | Bought a scroll labeled QOAXKEWOMAI for 32 gold pieces
  7762 | D:8      | Bought a yellow potion for 28 gold pieces
  7762 | D:8      | Bought a brown potion for 28 gold pieces
  7762 | D:8      | Bought a scroll labeled MYCIUNIERE for 32 gold pieces
  8214 | D:9      | Noticed a two-headed ogre
  8236 | D:9      | Killed a two-headed ogre
  8236 | D:9      | Reached ***** piety under Okawaru
  8355 | D:9      | Received a gift from Okawaru
  8373 | D:9      | Got a warped quarterstaff {god gift}
  8574 | D:9      | Identified the +1 quarterstaff of Conformity {venom, Dex+4
                  | Stlth+} (Okawaru gifted it to you on level 9 of the
                  | Dungeon)
  8762 | D:9      | Found a basalt altar of Yredelemnul.
  8861 | D:9      | Found a shadowy altar of Dithmenos.
  8962 | D:9      | Found a shattered altar of Ashenzari.
  9241 | D:10     | Entered Level 10 of the Dungeon
  9250 | D:10     | Found Ketruad's Elemental Accessories.
  9260 | D:10     | Noticed Urug
  9282 | D:10     | Mangled by Urug

Levels and vault maps discovered:
D:1:      ncdulo_wetmaze, layout_basic, minmay_misc_feat_tiny
D:2:      layout_basic, first_ration, uniq_terence
D:3:      layout_basic, chequers_temple_overflow_statue_of_worship,
          minmay_snake_closets, uniq_crazy_yiuf_cottage, uniq_jessica
D:4:      layout_basic, uniq_edmund
D:5:      layout_rooms, kennysheep_mini
D:6:      layout_rooms, lemuel_round_altar
D:7:      layout_gridville, minmay_temple_entry_stoned_glass, serial_rivers,
          chequers_serial_rivers_large_a, chequers_serial_rivers_room_a,
          chequers_serial_rivers_micro_d, chequers_serial_rivers_room_b,
          chequers_serial_rivers_micro_e, enter_bailey_3
D:8:      layout_layer_cave, minmay_overflow_temple_hex, david_lair_generic,
          serial_shops, shop
D:9:      layout_loops_ring, grunt_dithmenos_smoke_and_mirrors,
          lemuel_zombie_altar_yredelemnul, basic_altar, blue_anna_alchemist
          [blue_anna_fruit_fields, blue_anna_fruit_fields]
D:10:     minmay_statue_hallways, layout_basic, serial_bayou_ford_a,
          nicolae_elemental_shop, uniq_sonja, uniq_urug
Temple:   compressed_dpeg_circular_temple

Skill      XL: |  1  2  3  4  5  6  7  8  9 10 11 |
---------------+----------------------------------+-----
Shields        | 4 5 6 8 9 11 12 | 12.6
Fighting       | 4 5 6 7 9 10 11 | 11.7
Staves         | 3 4 5 6 8 9 10 | 10.6
Armour         | |  3.2

Action                   |  1- 3 |  4- 6 |  7- 9 | 10-12 || total
-------------------------+-------+-------+-------+-------++-------
Melee: Quarterstaff      |    90 |   132 |   246 |   339 ||   807
Invok: Heroism           |       |       |       |     5 ||     5
 Abil: Dig               |       |     2 |       |       ||     2
Evoke: Wand              |       |       |       |     6 ||     6
  Use: Potion            |       |     1 |       |     4 ||     5
       Scroll            |       |       |     6 |    11 ||    17
 Stab: Paralysed         |       |       |     1 |     6 ||     7
       Confused          |       |       |       |     1 ||     1
  Eat: Chunk             |       |     7 |     8 |    13 ||    28
Armor: Scale mail        |    29 |    43 |    81 |    83 ||   236
Dodge: Dodged            |    33 |    44 |    54 |    56 ||   187
Block: Shield            |    45 |    55 |   137 |   158 ||   395
